 Dungeon Sprint DCSS version 0.32-a0-42-ga30500b4d3 (webtiles) character file.

Game seed: 17116344194601138945

226 rocky1 the Grappler (level 5, -3/48 HPs)
             Began as a Troll Shapeshifter on Jan 29, 2024.
             Was an Initiate of Gozag.
             Slain by a vampire (8 damage)
             ... in the Dungeon (Sprint IX: "|||||||||||||||||||||||||||||").
             The game lasted 00:00:41 (89 turns).

rocky1 the Grappler (Troll Shapeshifter)              Turns: 89, Time: 00:00:42

Health: -3/48      AC:  4    Str: 22    XL:     5   Next: 69%
Magic:  4/4        EV: 10    Int:  6    God:    Gozag
Gold:   0          SH:  0    Dex: 11    Spells: 4/4 levels left

rFire   . .          .
                       - Unarmed
rCold   . . .        (no shield)
rNeg    . . .        a - +0 animal skin
rPois   .            (helmet currently unavailable)
rElec   .            (cloak currently unavailable)
rCorr   .            (gloves unavailable)
SInv    .            (boots unavailable)
Will    .....        (no amulet)
Stlth   +            (no ring)
HPRegen 1.08/turn    (no ring)
MPRegen 0.09/turn

%: no teleportation
@: beast-form, gold aura
A: beast (slay +4), large, unfitting armour, claws 3, regeneration 1, shaggy fur
1, tough skin 1
a: Begin Untransformation, Renounce Religion, Potion Petition, Call Merchant,
Bribe Branch


You were in the Dungeon.
You worshipped Gozag.
Gozag was noncommittal.
You were a hulking beast.
You visited 1 branch

Inventory:

Armour
 a - a +0 animal skin (worn)
 p - a +2 ring mail
Jewellery
 n - a +3 ring of intelligence
 o - a +3 ring of intelligence
Talismans
 c - a beast talisman
 d - a flux talisman
Wands
 m - a wand of roots (10)
Scrolls
 j - 2 scrolls of blinking
 l - 2 scrolls of amnesia
Potions
 b - a potion of lignification
 e - 5 potions of curing
 f - 3 potions of heal wounds
 g - a potion of haste
 h - 4 potions of magic
 i - a potion of berserk rage
 k - a potion of invisibility


   Skills:
 + Level 1.3 Fighting
 + Level 3.4 Dodging
 + Level 8.5 Unarmed Combat
 + Level 7.8 Shapeshifting


You had 4 spell levels left.
You didn't know any spells.
Your spell library was empty.

Dungeon Overview and Level Annotations

Branches:
Dungeon (1/1)

Altars:
Cheibriados
Dithmenos
Elyvilon
Fedhas
Gozag
Hepliaklqana
Kikubaaqudgha
Makhleb
Nemelex Xobeh
Okawaru
Qazlal
Ru
Sif Muna
Trog
Uskayaw
Vehumet
Wu Jian
Xom
Yredelemnul
Zin
The Shining One
Jiyva
Lugonu


Innate Abilities, Weirdness & Mutations

You are a hulking beast.
Your limbs bulge with bestial killing power. (Slay +4)
You are too large for most types of armour.
You have claws for hands.
Your natural rate of healing is unusually fast.
You are covered in fur. (AC +1)
You have tough skin. (AC +1)


Message History

The kobold brigand shouts!
Unknown command.
The howler monkey hoots and howls with incredible vigour!
You see here a +2 ring mail.
p - a +2 ring mail The kobold brigand barely misses you.
You claw the kobold brigand!
The kobold brigand is moderately wounded.
The kobold brigand hits you with a +0 short sword.
You claw the kobold brigand!
The kobold brigand is almost dead.
The howler monkey hoots and howls with incredible vigour!
The kobold brigand closely misses you.
The howler monkey howls!
You barely miss the kobold brigand.
The kobold brigand is almost dead.
The kobold brigand hits you with a +0 short sword.
You scratch the kobold brigand.
You kill the kobold brigand!
Your Unarmed Combat skill increases to level 8!
The vampire barely misses you. The vampire bites you!
The vampire draws strength from your injuries!
The howler monkey hoots and howls with incredible vigour!
Things that are here:
72 gold pieces; a +0 short sword; 6 poisoned darts You claw the vampire!
The vampire is heavily damaged.
The vampire hits you! The vampire bites you!
* * * LOW HITPOINT WARNING * * *
The vampire draws strength from your injuries!
The kobold brigand is distracted by your dazzling golden aura.
The kobold brigand shouts!
You scratch the vampire but do no damage.
The vampire is moderately damaged.
The kobold brigand is no longer distracted by gold.
The vampire hits you!
* * * LOW HITPOINT WARNING * * *
The vampire bites you!
You die...
Your body crumbles into a pile of gold.

▓'▓
▓.▓
▓.▓
▓)▓
▓.▓
▓[▓
▓[▓
▓.▓
▓h▓
▓V▓
▓h▓
▓K▓
▓h▓
▓c▓
▓.▓
▓.▓
▓c▓


You could see a vampire, a kobold brigand, a centaur and 2 howler monkeys.

Vanquished Creatures
  A phantom (D)
  A kobold brigand (D)
  A hound (D)
  A sleepcap (D)
  An adder (D)
  A white imp (D)
  A bat (D)
  2 endoplasms (D)
  A goblin (D)
  A ball python (D)
11 creatures vanquished.

Notes
Turn   | Place    | Note
-------+----------+-------------------------------------------
     0 | D        | rocky1 the Troll Shapeshifter began the quest for the Orb.
     0 | D        | Reached XP level 1. HP: 18/18 MP: 0/0
    19 | D        | Noticed a hound
    19 | D        | Noticed a sleepcap
    19 | D        | Noticed a phantom
    21 | D        | Reached skill level 4 in Unarmed Combat
    21 | D        | Reached XP level 2. HP: 26/26 MP: 1/1
    24 | D        | Reached skill level 1 in Fighting
    24 | D        | Reached skill level 5 in Unarmed Combat
    24 | D        | Reached skill level 5 in Shapeshifting
    24 | D        | Reached XP level 3. HP: 33/33 MP: 2/2
    28 | D        | Reached skill level 6 in Unarmed Combat
    28 | D        | Reached XP level 4. HP: 41/41 MP: 3/3
    30 | D        | Killed a phantom
    31 | D        | Reached skill level 7 in Unarmed Combat
    31 | D        | Reached XP level 5. HP: 44/48 MP: 4/4
    36 | D        | Found a snail-covered altar of Cheibriados.
    36 | D        | Found a shadowy altar of Dithmenos.
    36 | D        | Found a white marble altar of Elyvilon.
    36 | D        | Found a blossoming altar of Fedhas.
    36 | D        | Found an opulent altar of Gozag.
    37 | D        | Found a hazy altar of Hepliaklqana.
    38 | D        | Found a viscous altar of Jiyva.
    39 | D        | Found an ancient bone altar of Kikubaaqudgha.
    40 | D        | Found a corrupted altar of Lugonu.
    41 | D        | Found a burning altar of Makhleb.
    42 | D        | Found a sparkling altar of Nemelex Xobeh.
    43 | D        | Found an iron altar of Okawaru.
    44 | D        | Became a worshipper of Gozag Ym Sagoz the Greedy
    45 | D        | Found a stormy altar of Qazlal.
    46 | D        | Found a sacrificial altar of Ru.
    47 | D        | Found a shimmering blue altar of Sif Muna.
    48 | D        | Found a bloodstained altar of Trog.
    49 | D        | Found a hide-covered altar of Uskayaw.
    50 | D        | Found a radiant altar of Vehumet.
    51 | D        | Found an ornate altar of the Wu Jian Council.
    52 | D        | Found a shimmering altar of Xom.
    53 | D        | Found a basalt altar of Yredelemnul.
    54 | D        | Found a glowing silver altar of Zin.
    55 | D        | Found a glowing golden altar of the Shining One.
    79 | D        | Noticed a vampire
    79 | D        | Noticed a centaur
    87 | D        | Reached skill level 8 in Unarmed Combat
    89 | D        | Slain by a vampire

Illustrated notes

Levels and vault maps discovered:
D:        linesprint [early_d, line_temple, items_1, d_10, items_2, lair_1,
          lair_end, items_3, orc_1, orc_end, items_4, d_15, swamp_1, shoals_1,
          snake_1, spider_1, d_20, vaults_1, items_5, swamp_end, shoals_end,
          snake_end, spider_end, vaults_end, d_27, items_6, zot_1, zot_end,
          crypt_end, forest_end, elf_end, slime_end, tomb_end, abyss_end,
          pan_hell_end]

Skill      XL: |  1  2  3  4  5 |
---------------+----------------+-----
Dodging        | 2 3 |  3.4
Unarmed Combat | 4 5 6 7 8 |  8.5
Shapeshifting  | 4 5 7 |  7.8
Fighting       | 1 |  1.3

Action                     |  1- 3 |  4- 6 || total
---------------------------+-------+-------++-------
  Melee: Unarmed           |    17 |     8 ||    25
         Punch             |       |     1 ||     1
 Armour: Animal skin       |     6 |     9 ||    15
  Dodge: Dodged            |     4 |     3 ||     7

Table legend: (Time is in decaauts)
 A = Elapsed time spent in this place.
 B = Non-inter-level travel time spent in this place.
 C = Inter-level travel time spent in this place.
 D = Time resting spent in this place.
 E = Time spent auto-exploring this place.
 F = Levels seen in this place.
 G = Mean time per level.
                   A        B        C        D        E       F      G
               +--------+--------+--------+--------+--------+-----+--------+
         Total |     86 |     86 |      0 |      0 |      0 |   1 |   86.0 |
       Dungeon |     86 |     86 |      0 |      0 |      0 |   1 |   86.0 |
               +--------+--------+--------+--------+--------+-----+--------+

Top non-repeatable levels by time:
       D: 86 daAuts
